 Dungeon Crawl Stone Soup version 0.29.1-12-g30fa7ad0bf (webtiles) character file.

Game seed: 2663330018512264460

252 sanboga the Chopper (level 5, -6/48 HPs)
             Began as a Minotaur Monk on Jan 14, 2023.
             Mangled by a kobold brigand
             ... wielding a +4 whip of electrocution
              (19 damage)
             ... in a sewer.
             The game lasted 00:04:59 (2644 turns).

sanboga the Chopper (Minotaur Monk)                 Turns: 2644, Time: 00:05:00

Health: -6/48      AC:  9    Str: 17    XL:     5   Next: 89%
Magic:  4/4        EV:  8    Int:  7    God:
Gold:   81         SH:  0    Dex: 13    Spells: 4/4 levels left

rFire   . . .      SeeInvis .   a - +1 hand axe
rCold   . . .      Faith    .   (no shield)
rNeg    . . .      Spirit   .   k - +0 chain mail
rPois   .          Reflect  .   (helmet restricted)
rElec   .          Harm     .   (no cloak)
rCorr   .          Rampage  .   (no gloves)
Will    .....                   (no boots)
Stlth   ..........              (no amulet)
HPRegen 0.16/turn               (no ring)
MPRegen 0.09/turn               (no ring)

@: lethally poisoned (-6 -> -8), slowed, very slow
A: horns 2, retaliatory headbutt
a: no special abilities


You were in a sewer.
You visited 1 branch of the dungeon, and saw 3 of its levels.
You also visited: Sewer.

You collected 81 gold pieces.

Inventory:

Hand Weapons
 a - a +1 hand axe (weapon)
Armour
 k - a +0 chain mail (worn)
Scrolls
 b - a scroll of amnesia {unknown}
 d - a scroll of silence {unknown}
 e - a scroll of blinking
 g - a scroll of enchant armour {unknown}
Potions
 c - a potion of haste {unknown}
 f - a potion of heal wounds {unknown}
 h - a potion of lignification
 i - a potion of curing {unknown}
 j - 3 potions of might {unknown}
 l - a potion of invisibility {unknown}
 m - a potion of cancellation {unknown}


   Skills:
 + Level 5.0 Fighting
 * Level 6.2 Axes
 + Level 3.2 Armour
 - Level 3.2 Dodging
 - Level 1.5 Stealth


You had 4 spell levels left.
You didn't know any spells.
Your spell library contained the following spells:

 Spells                   Type           Power      Damage    Failure   Level
 Summon Guardian Golem    Hex/Summ       0%         N/A       100%        3
 Orb of Destruction       Conj           0%         9d5       100%        7
 Spellforged Servitor     Conj/Summ      0%         N/A       100%        7


Dungeon Overview and Level Annotations

Branches:
Dungeon (3/15)              Sewer (1/1)

Altars:
Xom

Shops:
D:2 *


Innate Abilities, Weirdness & Mutations

You have a pair of horns on your head.
You reflexively headbutt those who attack you in melee.


Message History

The worm is severely wounded.
The worm splashes around in the water.
You hit the worm.
You kill the worm!
No target in view!
No target in view!
No target in view!
No target in view!
You see here a worm corpse.
You enter the shallow water.
Moving in this stuff is going to be slow.
j - 3 murky cyan potions (gained 1)
m - a red potion The endoplasm quivers.
You enter the shallow water.
Moving in this stuff is going to be slow.
A kobold brigand comes into view.
It is wielding a +4 whip of electrocution and quivering curare-tipped darts.
Found a silvery potion.
The kobold brigand shouts!
A kobold brigand is nearby!
A kobold brigand is nearby!
The kobold brigand throws a curare-tipped dart.
The curare-tipped dart hits you.
You are poisoned.
You have difficulty breathing.
You feel yourself slow down.
You feel very sick.
You feel sick. The kobold brigand barely misses you. You furiously retaliate!
You headbutt the kobold brigand. You completely miss the kobold brigand.
The kobold brigand is lightly wounded.
You feel sick.
The kobold brigand hits you with a +4 whip of electrocution!
You hit the kobold brigand. You headbutt the kobold brigand.
The kobold brigand is moderately wounded.
You feel sick.
The kobold brigand hits you with a +4 whip of electrocution.
The kobold brigand hits you with a +4 whip of electrocution!
* * * LOW HITPOINT WARNING * * *
You are electrocuted!!
You die...

~.####~....#####.~.
##...## ##.~ ##~## ##~
#~# #~ #~# #~ # ##~##
##) ##. ##.~.## ##~.
#.!.#####.~...#####...
#.~!K@........~†~~~~~.
#...#####~....#####...
### ##~.~## ##.. #####
###


You could see a kobold brigand.

Vanquished Creatures
  A kobold brigand (Sewer)
  A hound (D:3)
  2 orc priests (D:3)
  A river rat (D:3)
  An adder (Sewer)
  6 worms
  3 orcs (D:3)
  3 bats
  6 endoplasms
  3 giant cockroaches
  2 goblins (D:2)
  2 hobgoblins (D:2)
  4 jackals (D:2)
  A quokka (D:1)
  10 ball pythons
  A frilled lizard (D:1)
  6 kobolds
  7 rats
60 creatures vanquished.

Vanquished Creatures (others)
  2 plants (D:3)
2 creatures vanquished.

Grand Total: 62 creatures vanquished

Notes
Turn   | Place    | Note
-------+----------+-------------------------------------------
     0 | D:1      | sanboga the Minotaur Monk began the quest for the Orb.
     0 | D:1      | Reached XP level 1. HP: 19/19 MP: 0/0
   254 | D:1      | Reached skill level 4 in Axes
   289 | D:1      | Reached XP level 2. HP: 22/27 MP: 1/1
   564 | D:2      | Found a shimmering altar of Xom.
   583 | D:2      | Reached skill level 1 in Armour
  1038 | D:2      | Found Sevu's General Store.
  1051 | D:2      | Reached XP level 3. HP: 26/33 MP: 2/2
  1815 | D:3      | Reached skill level 5 in Axes
  1815 | D:3      | Reached XP level 4. HP: 16/41 MP: 3/3
  1920 | D:3      | Reached XP level 5. HP: 28/47 MP: 4/4
  1958 | D:3      | Found a glowing drain.
  1973 | Sewer    | Entered a sewer
  2458 | Sewer    | Reached skill level 5 in Fighting
  2458 | Sewer    | Reached skill level 6 in Axes
  2644 | Sewer    | Mangled by a kobold brigand

Illustrated notes

Levels and vault maps discovered:
D:1:      psy_arrival_conway, layout_rooms
D:2:      layout_basic, serial_shops, nicolae_shop_stone, basic_altar,
          minivault_24
D:3:      layout_loops_ring, mainiacjoe_overflow_24_doors,
          gammafunk_ghost_grave, portal_sewer_entry_a, serial_bayou_pond_d,
          uniq_robin
Sewer:    sewer_co_15_rooms

Skill      XL: |  1  2  3  4  5 |
---------------+----------------+-----
Axes           | 4 5 6 |  6.2
Armour         | 1 2 3 |  3.2
Fighting       | 4 5 |  5.0
Dodging        | |  3.2
Stealth        | |  1.5

Action                   |  1- 3 |  4- 6 || total
-------------------------+-------+-------++-------
Melee: Hand axe          |    65 |    82 ||   147
       Headbutt          |    11 |     6 ||    17
       Punch             |     1 |       ||     1
  Use: Scroll            |     2 |     2 ||     4
       Potion            |       |     2 ||     2
 Stab: Sleeping          |     3 |       ||     3
Armor: Robe              |     7 |       ||     7
       Chain mail        |    11 |    38 ||    49
       Skin              |       |    17 ||    17
Dodge: Dodged            |    40 |    37 ||    77
